Map: Templo Congelado

Players

ToP

  • Race: Protoss Protoss
  • League: Master

TheZergLord - Winner!

  • Race: Zerg Zerg
  • League: Master

VOD

Have the link to the VOD?

Description

Time

  • Played on: April 26, 2016, 11:40 a.m.
  • Length: 8:19
Show
View Real Time Build Order
Export as new Build Order

ToP Protoss 

Build Orders:  

Get SALT Encoding   

  12  0:01  Probe (Chrono Boost)  
  13  0:12  Probe (Chrono Boost)  
  14  0:19  Pylon  
  14  0:27  Probe (Chrono Boost)  
  15  0:37  Probe (Chrono Boost)  
  16  0:48  Probe (Chrono Boost)  
  17  1:07  Nexus  
  17  1:16  Forge  
  17  1:18  Pylon  
  17  1:25  Pylon  
  17  1:42  Pylon  
  17  1:43  Gateway  
  17  1:49  Photon Cannon  
  17  2:00  Photon Cannon  
  17  2:10  Probe (Chrono Boost)  
  17  2:13  Assimilator  
  18  2:18  Assimilator  
  18  2:20  Probe (Chrono Boost)  
  18  2:21  Probe (Chrono Boost)  
  20  2:31  Probe (Chrono Boost)  
  21  2:40  Probe (Chrono Boost)  
  21  2:42  Probe (Chrono Boost)  
  23  2:48  Pylon  
  23  2:50  Probe (Chrono Boost)  
  24  2:52  Probe (Chrono Boost)  
  25  3:00  Cybernetics Core  
  25  3:01  Probe (Chrono Boost)  
  25  3:03  Probe (Chrono Boost)  
  27  3:11  Probe (Chrono Boost)  
  28  3:13  Probe (Chrono Boost)  
  28  3:17  Assimilator  
  29  3:22  Probe (Chrono Boost)  
  29  3:24  Probe (Chrono Boost)  
  31  3:32  Probe (Chrono Boost)  
  32  3:34  Probe (Chrono Boost)  
  32  3:36  Stargate  
  33  3:43  Probe (Chrono Boost), Stargate  
  34  3:49  Probe (Chrono Boost), Assimilator  
  34  3:53  Pylon  
  37  3:56  Mothership Core (Chrono Boost)  
  37  3:59  Warp Gate (Chrono Boost)  
  37  4:00  Probe (Chrono Boost)  
  38  4:10  Probe (Chrono Boost)  
  38  4:14  Gateway  
  38  4:15  Gateway  
  41  4:29  Probe x2 (Chrono Boost)  
  43  4:33  Oracle (Chrono Boost)  
  44  4:39  Probe (Chrono Boost)  
  44  4:40  Probe (Chrono Boost), Oracle (Chrono Boost)  
  49  4:51  Probe  
  49  4:52  Probe  
  51  5:07  Oracle (Chrono Boost)  
  54  5:14  Probe x2  
  54  5:16  Oracle (Chrono Boost)  
  59  5:34  Twilight Council, Nexus  
  59  5:37  Pylon  
  59  5:38  Pylon  
  59  5:39  Oracle (Chrono Boost)  
  62  5:44  Protoss Ground Weapons Level 1 (Chrono Boost)  
  62  5:55  Probe x2  
  64  5:59  Adept x3  
  73  6:06  Oracle (Chrono Boost)  
  73  6:07  Probe  
  74  6:16  Pylon  
  74  6:23  Resonating Glaives (Chrono Boost)  
  74  6:24  Pylon  
  74  6:29  Gateway x2  
  74  6:34  Probe x2  
  74  6:35  Robotics Facility  
  74  6:36  Adept  
  78  6:42  Pylon  
  72  7:01  Void Ray  
  72  7:02  Probe, Adept x2  
  72  7:03  Probe, Adept  
  72  7:05  Void Ray  
  72  7:08  Probe  
  89  7:13  Probe  
  90  7:17  Pylon  
  90  7:25  Probe, Adept x3  
  90  7:26  Probe  
  90  7:27  Probe  
  99  7:30  Immortal (Chrono Boost)  
  99  7:35  Pylon  
  103  7:37  Pylon  
  97  7:58  Stalker x2  
  97  7:59  Stalker x3  
Show
View Real Time Build Order
Export as new Build Order

TheZergLord Zerg - Winner!

Build Orders: Pool First 

Get SALT Encoding   

  12  0:01  Drone  
  13  0:08  Drone  
  14  0:26  Spawning Pool  
  13  0:29  Drone  
  13  0:34  Extractor  
  13  0:35  Drone  
  15  0:43  Overlord  
  15  1:12  Queen  
  15  1:13  Zergling x2  
  15  1:14  Zergling x2, Drone  
  20  1:25  Zergling x2  
  21  1:37  Hatchery  
  20  1:45  Drone  
  21  1:49  Drone  
  22  1:55  Extractor  
  22  1:57  Queen, Extractor  
  22  2:00  Overlord  
  24  2:19  Drone  
  24  2:21  Drone  
  26  2:22  Hatchery  
  26  2:26  Drone  
  26  2:30  Drone  
  26  2:31  Drone  
  26  2:36  Drone  
  29  2:46  Drone  
  29  2:51  Drone  
  31  3:02  Overlord  
  31  3:04  Drone  
  32  3:07  Drone x3  
  32  3:12  Drone  
  36  3:18  Extractor  
  35  3:20  Extractor  
  35  3:22  Drone x4  
  35  3:23  Drone  
  39  3:31  Drone x2  
  41  3:35  Drone  
  41  3:36  Queen  
  41  3:41  Drone x4  
  46  3:45  Drone  
  49  3:49  Drone  
  49  3:53  Overlord x2  
  50  4:07  Lair  
  50  4:11  Roach Warren  
  50  4:13  Drone x6  
  50  4:14  Drone x2  
  57  4:17  Drone x2  
  57  4:18  Drone  
  57  4:23  Drone x2  
  62  4:25  Drone  
  62  4:29  Drone x2  
  65  4:36  Metabolic Boost  
  65  4:37  Overlord x2  
  65  4:42  Spore Crawler  
  65  4:44  Spore Crawler  
  63  4:48  Spore Crawler x2  
  63  4:52  Spore Crawler  
  59  4:55  Spore Crawler  
  59  4:58  Roach x5  
  59  4:59  Roach  
  71  5:00  Roach  
  71  5:02  Drone x3  
  71  5:04  Extractor  
  71  5:06  Extractor x2, Drone  
  72  5:07  Drone  
  72  5:08  Extractor  
  72  5:09  Drone  
  73  5:16  Glial Reconstitution  
  73  5:19  Drone  
  74  5:37  Evolution Chamber  
  74  5:38  Drone x2, Hydralisk Den  
  74  5:40  Overlord  
  74  5:41  Overlord x5  
  74  6:02  Drone x4  
  78  6:05  Drone x5  
  78  6:06  Drone x4  
  78  6:08  Muscular Augments  
  78  6:09  Zerg Missile Weapons Level 1  
  87  6:16  Hydralisk x4  
  87  6:17  Hydralisk  
  96  6:19  Hydralisk  
  98  6:26  Hydralisk x2  
  98  6:27  Hydralisk  
  104  6:35  Overlord  
  104  6:36  Overlord, Hydralisk  
  104  6:37  Hydralisk  
  100  7:00  Drone x3  
  103  7:03  Queen, Spore Crawler  
  103  7:04  Hydralisk x7  
  103  7:05  Hydralisk  
  120  7:11  Hydralisk x3  
  120  7:13  Hydralisk  
  128  7:21  Hydralisk x3  
  134  7:23  Hydralisk  
  134  7:44  Overlord x3  
Tags
 
Add a new tag
Caveats
  • Supply blocks, unpowered buildings, or Contaminate may cause inaccurate times.
  • Supply counts are checked every 10 seconds.